cohdb
Replays
Latest Replays
All Replays
Popular Replays
Top Player Replays
Match Explorer
How It Works
Community
CoH3 Stats
Reddit
Sign in to upload your games and track your stats! →
Sign in with Steam
Match 44897644
Unlisted
Match 44897644
Overview
Messages
Build Orders
End
Scout Squad
Construct Weapon Support Center
Selects Special Operations Battlegroup
M1919 Machine Gun Team
M1919 Machine Gun Team
Bazooka Squad
Infantry Support Center
M3 Armored Personnel Carrier
Selects M29 Weasel with M1 Pack Howitzer
M29 Weasel with M1 Pack Howitzer
M29 Weasel with M1 Pack Howitzer
Construct Tank Depot
Selects P-47 Anti-Infantry Loiter
Selects UNKNOWN (2162291)
M18 Hellcat Tank Destroyer
Selects Raiding Flares
Raiding Flares
M4A1 Sherman Whizbang
P-47 Anti-Infantry Loiter
Raiding Flares
M18 Hellcat Tank Destroyer
Engineer Squad
ShoulderGuy
RedLeaderToBase
Adult Asthma Is A Choice
Not Emily Willis™
506767261
Hudkey
JT
只出曲线
0
0
Comments
sign in to comment!
No comments posted yet!